 Dungeon Crawl Stone Soup version 0.26-a0-710-g95a0c6c400 (webtiles) character file.

Game seed: 13957251208080980635

382 Grant146 the Chopper (level 6, -1/56 HPs)
             Began as a Minotaur Berserker on Oct 30, 2020.
             Was a Believer of Trog.
             Killed from afar by Natasha (5 damage)
             ... with a puff of flame
             ... on level 3 of the Dungeon.
             The game lasted 00:03:50 (2143 turns).

Grant146 the Chopper (Minotaur Berserker)           Turns: 2143, Time: 00:03:51

Health: -1/56      AC:  9    Str: 23    XL:     6   Next: 47%
Magic:  5/5        EV:  9    Int:  4    God:    Trog [**....]
Gold:   163        SH:  0    Dex: 10    Spells: 5/5 levels left

rFire    . . .     SeeInvis .   a - +0 hand axe
rCold    . . .     Faith    .   (no shield)
rNeg     . . .     Spirit   .   m - +0 chain mail
rPois    .         Reflect  .   (helmet restricted)
rElec    .         Harm     .   (no cloak)
rCorr    .         Rampage  .   (no gloves)
MR       .....                  (no boots)
Stlth    ..........             (no amulet)
HPRegen  0.18/turn              (no ring)
MPRegen  0.09/turn              (no ring)

@: berserk cooldown, slowed, very slow
A: retaliatory headbutt, horns 2
a: Berserk, Trog's Hand, Renounce Religion


You were on level 3 of the Dungeon.
You worshipped Trog.
Trog was pleased with you.
You visited 1 branch of the dungeon, and saw 3 of its levels.

You collected 163 gold pieces.

Inventory:

Hand Weapons
 a - a +0 hand axe (weapon)
Armour
 b - a +0 animal skin
 k - a +0 ring mail
 m - a +0 chain mail (worn)
Jewellery
 f - an uncursed amulet of the acrobat {unknown}
Wands
 o - a wand of digging (6)
Scrolls
 c - a scroll of magic mapping {unknown}
 g - 3 scrolls of teleportation {unknown}
 h - 2 scrolls of enchant armour {unknown}
 j - a scroll of fog {unknown}
 l - 4 scrolls of identify {unknown}
 r - a scroll of immolation {unknown}
Potions
 d - a potion of lignification {unknown}
 e - 4 potions of curing {unknown}
 i - a potion of might {unknown}
 n - a potion of resistance {unknown}
 p - a potion of ambrosia {unknown}
 q - a potion of mutation {unknown}


   Skills:
 + Level 5.2 Fighting
 + Level 6.4 Axes
 + Level 3.5 Armour
 + Level 3.9 Dodging
 + Level 0.7 Stealth


You had 5 spell levels left.
You didn't know any spells.
Your spell library was empty.

Dungeon Overview and Level Annotations

Branches:
Dungeon (3/15)

Altars:

Annotations:
D:3 Natasha


Innate Abilities, Weirdness & Mutations

You reflexively headbutt those who attack you in melee.
You have a pair of horns on your head.


Message History

Natasha casts a spell at you. The magic dart hits you!
* * * LOW HITPOINT WARNING * * *
Natasha barely misses you. You furiously retaliate!
You headbutt Natasha.
There is an open door here.
You barely miss Natasha.
Natasha is lightly wounded.
Natasha zaps a wand.
The puff of flame hits you.
* * * LOW HITPOINT WARNING * * *
Natasha claws you but does no damage.
You slash Natasha!
Natasha is severely wounded.
Natasha casts a spell at you.
You feel as though you will be slow longer.
You barely miss Natasha.
Natasha is severely wounded.
Natasha zaps a wand.
The puff of flame hits you.
* * * LOW HITPOINT WARNING * * *
Natasha zaps a wand.
The puff of flame hits you.
You die...

#.#.)##.# #..>##.# ##...#.#
#......########### .#
#.#.......รท.......# # ## .##
#.##...##########.### #. #. ..
.. #.### #........ #.##.##.#
### #.# #.###.### #.......#
##@## #.....# # #.......#
##.h.## #.##### # #.....#
##.....## #.## # #...<.#
##.......## #..######
#.....####.........####........
##.......+.......[.'...........
##...####.........####...#####
#..## ##.......## ##..# #.##
##.....## ##.#


You could see Natasha.

Vanquished Creatures
  Sigmund (D:2)
  Jessica (D:2)
  Terence (D:2)
  Natasha (twice) (D:3)
  Robin (D:2)
  2 adders
  2 oozes
  4 worms
  2 ball pythons
  3 giant cockroaches
  14 goblins
  11 hobgoblins
  5 kobolds
  A quokka (D:3)
  6 bats
  3 frilled lizards
  6 rats
65 creatures vanquished.

Notes
Turn   | Place    | Note
-------+----------+-------------------------------------------
     0 | D:1      | Grant146 the Minotaur Berserker began the quest for the
                  | Orb.
     0 | D:1      | Reached XP level 1. HP: 19/19 MP: 0/0
   354 | D:1      | Reached XP level 2. HP: 20/27 MP: 1/1
   435 | D:1      | Reached skill level 4 in Axes
   933 | D:2      | Noticed Robin
   938 | D:2      | Reached XP level 3. HP: 23/33 MP: 2/2
   943 | D:2      | Killed Robin
   950 | D:2      | Reached ** piety under Trog
  1061 | D:2      | Noticed Terence
  1065 | D:2      | Killed Terence
  1065 | D:2      | Reached skill level 5 in Axes
  1065 | D:2      | Reached XP level 4. HP: 32/41 MP: 3/3
  1139 | D:2      | Noticed Sigmund
  1149 | D:2      | Killed Sigmund
  1149 | D:2      | Reached skill level 5 in Fighting
  1149 | D:2      | Reached XP level 5. HP: 38/48 MP: 4/4
  1154 | D:2      | You fall into a shaft and drop 1 floor!
  1227 | D:3      | Reached XP level 6. HP: 56/56 MP: 5/5
  1324 | D:3      | Reached skill level 6 in Axes
  1363 | D:3      | Noticed Natasha
  1380 | D:3      | Killed Natasha
  1622 | D:2      | Noticed Jessica
  1631 | D:2      | Killed Jessica
  2121 | D:3      | Noticed Natasha
  2134 | D:3      | Killed Natasha
  2137 | D:3      | Noticed Natasha
  2143 | D:3      | Killed from afar by Natasha

Illustrated notes

Levels and vault maps discovered:
D:1:      eino_arrival_cavern_e, layout_basic
D:2:      layout_basic, uniq_sigmund, uniq_jessica, uniq_robin, uniq_terence
D:3:      layout_loops_corners, gammafunk_temple_overflow_elements,
          uniq_natasha, uniq_ijyb

Skill      XL: |  1  2  3  4  5  6 |
---------------+-------------------+-----
Axes           | 4 5 6 |  6.4
Fighting       | 4 5 |  5.2
Armour         | 3 |  3.5
Dodging        | 3 |  3.9
Stealth        | |  0.7

Action                   |  1- 3 |  4- 6 || total
-------------------------+-------+-------++-------
Melee: Hand axe          |    69 |    74 ||   143
       Headbutt          |    13 |    13 ||    26
Invok: Berserk           |     1 |     1 ||     2
Armor: Animal skin       |    12 |       ||    12
       Ring mail         |    17 |     2 ||    19
       Chain mail        |       |    32 ||    32
Dodge: Dodged            |    58 |    22 ||    80

Table legend: (Time is in decaauts)
 A = Elapsed time spent in this place.
 B = Non-inter-level travel time spent in this place.
 C = Inter-level travel time spent in this place.
 D = Time resting spent in this place.
 E = Time spent auto-exploring this place.
 F = Levels seen in this place.
 G = Mean time per level.
                   A        B        C        D        E       F      G
               +--------+--------+--------+--------+--------+-----+--------+
         Total |   2162 |   2130 |     32 |     90 |   1513 |   3 |  720.7 |
       Dungeon |   2162 |   2130 |     32 |     90 |   1513 |   3 |  720.7 |
               +--------+--------+--------+--------+--------+-----+--------+

Top non-repeatable levels by time:
     D:2: 830 daAuts
     D:1: 824 daAuts
     D:3: 507 daAuts
